 Dungeon Crawl Stone Soup version 0.27-a0-333-gfa571bf19a (webtiles) character file.

Game seed: 14967631549317967800

50466 lessens the Severer (level 14, -4/122 HPs)
             Began as a Minotaur Summoner on Feb 12, 2021.
             Was the Champion of Makhleb.
             Slain by a 12-headed hydra (10 damage)
             ... on level 4 of the Lair of Beasts.
             The game lasted 00:23:40 (17601 turns).

lessens the Severer (Minotaur Summoner)            Turns: 17601, Time: 00:23:41

Health: -4/122     AC: 13    Str: 18    XL:     14   Next: 19%
Magic:  27/27      EV: 13    Int:  8    God:    Makhleb [******]
Gold:   913        SH:  0    Dex: 11    Spells: 15/16 levels left

rFire    . . .     SeeInvis +   N - +3 battleaxe (freeze)
rCold    . . .     Faith    .   (shield currently unavailable)
rNeg     . . .     Spirit   .   w - +0 scale mail
rPois    .         Reflect  .   (helmet restricted)
rElec    +         Harm     .   B - +0 cloak
rCorr    .         Rampage  .   z - +1 pair of gloves
Will     +....                  n - +0 pair of boots
Stlth    +.........             A - amulet of regeneration
HPRegen  0.70/turn              k - ring of see invisible
MPRegen  0.20/turn              S - ring of Goimm {+Inv rElec MP+9 Int-4 Stlth+}

@: no status effects
A: retaliatory headbutt, horns 2
a: Renounce Religion, Evoke Invisibility, Minor Destruction, Lesser Servant of
Makhleb, Major Destruction, Greater Servant of Makhleb


You were on level 4 of the Lair of Beasts.
You worshipped Makhleb.
Makhleb was exalted by your worship.
You visited 2 branches of the dungeon, and saw 17 of its levels.
You also visited: Ossuary.

You collected 913 gold pieces.

Inventory:

Hand Weapons
 b - a +0 club
 d - a +0 hand axe
 i - a +1 war axe
 J - a +2 battleaxe
 N - a +3 battleaxe of freezing (weapon)
Missiles
 g - 517 stones
Armour
 a - a +0 robe
 n - a +0 pair of boots (worn)
 u - a +0 plate armour
 w - a +0 scale mail (worn)
 y - a +0 tower shield
 z - a +1 pair of gloves (worn)
 B - a +0 cloak (worn)
Jewellery
 k - a ring of see invisible (left hand)
 A - an amulet of regeneration (around neck)
 C - a +4 ring of evasion {unknown}
 S - the ring of Goimm (right hand) {+Inv rElec MP+9 Int-4 Stlth+}
   (You found it on level 9 of the Dungeon)

   [ring of magical power]

   It affects your intelligence (-4).
   It insulates you from electricity.
   It affects your magic capacity (+9).
   It lets you turn invisible.
   It makes you more stealthy.
Wands
 v - a wand of iceblast (19) (quivered)
 x - a wand of polymorph (4)
 O - a wand of paralysis (17)
 W - a wand of flame (19)
 Y - a wand of mindburst (10)
Scrolls
 e - 4 scrolls of teleportation
 f - 3 scrolls of magic mapping
 l - 8 scrolls of identify
 m - 6 scrolls of enchant weapon
 o - a scroll of fear
 p - 2 scrolls of immolation
 H - 5 scrolls of enchant armour
 P - 2 scrolls of blinking
 V - 2 scrolls of fog
Potions
 c - 3 potions of invisibility
 h - a potion of haste
 j - 3 potions of mutation
 q - 2 potions of attraction
 r - 2 potions of magic
 s - 4 potions of curing
 t - a potion of brilliance
 E - 2 potions of heal wounds
 F - a potion of might
 I - 2 potions of resistance
 K - a potion of cancellation
 M - 2 potions of ambrosia
 Q - a potion of lignification
 R - a potion of berserk rage
Miscellaneous
 Z - a phial of floods


   Skills:
 + Level 10.6 Fighting
 - Level 20.2 Axes
 + Level 9.4 Armour
 - Level 8.0 Dodging
 - Level 1.5 Stealth
 - Level 1.6 Spellcasting
 - Level 3.1 Summonings
 - Level 7.0 Invocations


You had 15 spell levels left.
You knew the following spells:

 Your Spells              Type           Power        Failure   Level
a - Summon Small Mammal   Summ           20%          26%         1

Your spell library contained the following spells:

 Spells                   Type           Power        Failure   Level
 Call Imp                 Summ           5%           38%         2
 Call Canine Familiar     Summ           5%           63%         3
 Animate Skeleton         Necr           0%           69%         1
 Apportation              Tloc           0%           69%         1
 Corona                   Hex            0%           69%         1
 Foxfire                  Conj/Fire      0%           69%         1
 Pain                     Necr           0%           69%         1
 Sting                    Tmut/Pois      0%           69%         1
 Corpse Rot               Necr/Air       N/A          83%         2
 Ensorcelled Hibernation  Hex/Ice        0%           83%         2
 Poisonous Vapours        Pois/Air       0%           83%         2
 Summon Guardian Golem    Hex/Summ       3%           83%         3
 Confusing Touch          Hex            0%           96%         3
 Conjure Flame            Conj/Fire      0%           96%         3
 Dazzling Flash           Conj/Hex       0%           96%         3
 Ignite Poison            Fire/Tmut/Pois 0%           96%         3
 Inner Flame              Hex/Fire       0%           96%         3
 Mephitic Cloud           Conj/Pois/Air  0%           96%         3
 Stone Arrow              Conj/Erth      0%           96%         3
 Tukima's Dance           Hex            0%           96%         3
 Vampiric Draining        Necr           0%           96%         3
 Summon Ice Beast         Ice/Summ       3%           99%         4
 Summon Lightning Spire   Summ/Air       3%           99%         4
 Animate Dead             Necr           0%           100%        4
 Cause Fear               Hex            0%           100%        4
 Olgreb's Toxic Radiance  Pois           0%           100%        4
 Sticky Flame             Conj/Fire      0%           100%        4
 Agony                    Necr           0%           100%        5
 Fireball                 Conj/Fire      0%           100%        5
 Silence                  Hex/Air        0%           100%        5
 Summon Forest            Summ/Tloc      1%           100%        5
 Yara's Violent Unravell  Hex/Tmut       0%           100%        5
 Eringya's Noxious Bog    Tmut/Pois      0%           100%        6
 Hydra Form               Tmut           0%           100%        6
 Summon Hydra             Summ           2%           100%        7
 Discord                  Hex            0%           100%        8


Dungeon Overview and Level Annotations

Branches:
Dungeon (11/15)            Temple (0/1) D:5            Lair (6/6) D:8
  Swamp (0/4) Lair:4        Snake (0/4) Lair:4        Slime (0/5) Lair:6
    Orc (0/2) D:9         Ossuary (visited)

Altars:
Fedhas
Kikubaaqudgha
Makhleb
Okawaru
Sif Muna
Vehumet

Shops:
D:4 :   D:7 :

Annotations:
Lair:1 2 runed translucent doors, jejorda2's ghost, journeyman GnTm
Lair:2 2 transporters, lunkers's ghost, journeyman MfTm
Lair:3 1 runed translucent door


Innate Abilities, Weirdness & Mutations

You reflexively headbutt those who attack you in melee.
You have a pair of horns on your head.


Message History

The nine-headed hydra bites you but does no damage. x3
The nine-headed hydra bites you.
You lop one of the nine-headed hydra's heads off!
The eight-headed hydra grows two more!
You slash the ten-headed hydra! You freeze the ten-headed hydra.
Your headbutt misses the ten-headed hydra.
The ten-headed hydra is almost dead.
You hack one of the ten-headed hydra's heads off!
The nine-headed hydra grows two more!
You slash the 11-headed hydra!
The 11-headed hydra seems to slow down.
You freeze the 11-headed hydra.
The 11-headed hydra is almost dead.
The 11-headed hydra burns!
The 11-headed hydra bites you! x2
The 11-headed hydra misses you.
The 11-headed hydra bites you but does no damage.
The 11-headed hydra bites you! x3
* * * LOW HITPOINT WARNING * * *
The 11-headed hydra bites you!
* * * LOW HITPOINT WARNING * * *
The 11-headed hydra closely misses you. The 11-headed hydra bites you.
* * * LOW HITPOINT WARNING * * *
The 11-headed hydra misses you.
You lop one of the 11-headed hydra's heads off!
The ten-headed hydra grows two more!
You slash the 12-headed hydra!
The 12-headed hydra seems to slow down.
You freeze the 12-headed hydra.
The 12-headed hydra is almost dead.
The 12-headed hydra burns!
The 12-headed hydra stops burning.
You barely miss the 12-headed hydra.
The 12-headed hydra is almost dead.
The 12-headed hydra bites you but does no damage.
The 12-headed hydra bites you.
* * * LOW HITPOINT WARNING * * *
The 12-headed hydra bites you but does no damage.
The 12-headed hydra closely misses you. x2
The 12-headed hydra bites you but does no damage.
The 12-headed hydra bites you!
* * * LOW HITPOINT WARNING * * *
The 12-headed hydra bites you.
* * * LOW HITPOINT WARNING * * *
The 12-headed hydra bites you!
You die...

..##......####
...##.P...#
....P.P..####### .##
.....P.#.###...# ..#
###.P..####....# #..##
###...###....# #....#
#.#....#...# ....#
#.##.......##....# ##
#.#........#@D...#
.####.#..........#...#
..##.........#...#...#
....!......#####..# .#
§..........# ##....P#
§...#.###.## .....#
§..#.## ### ######
##.### ###


You could see a 12-headed hydra (slow).

Vanquished Creatures
  Josephine (D:11)
  Snorg (D:11)
  Harold (D:7)
  6 hydras
  A boulder beetle (Lair:6)
  A two-headed ogre (D:8)
  A swamp dragon (Lair:4)
  An ugly thing (D:11)
  14 elephants
  3 black mambas
  6 cane toads
  2 rime drakes (Lair:2)
  Psyche (D:8)
  6 komodo dragons
  A hornet (D:11)
  5 polar bears
  A dream sheep (Lair:4)
  9 blink frogs
  6 wraiths
  13 yaks
  6 wyverns
  A steam dragon (Lair:3)
  3 basilisks
  Grum (D:8)
  Menkaure (D:7)
  A naga (Lair:4)
  13 water moccasins
  2 sky beasts
  5 orc warriors
  10 ice beasts
  3 black bears
  13 wolves
  9 ogres
  11 centaurs
  An elf zombie (Ossuary)
  2 phantoms (D:9)
  12 bullfrogs
  A gnoll sergeant (D:6)
  A hornet simulacrum (D:9)
  3 scorpions
  A water moccasin skeleton (D:9)
  7 killer bees
  18 wights
  3 electric eels
  5 howler monkeys
  2 centaur zombies
  3 hounds
  5 orc priests
  Crazy Yiuf (D:3)
  A bullfrog skeleton (D:4)
  A gnoll shaman (D:10)
  3 jellies
  Jessica (D:2)
  5 iguanas
  Ijyb (D:3)
  Terence (D:3)
  A human zombie (Ossuary)
  8 orc wizards
  4 worker ants
  A killer bee zombie (D:5)
  4 hound zombies
  4 mummies (Ossuary)
  18 gnolls
  11 adders
  A shadow imp (D:6)
  3 white imps
  A worker ant simulacrum (D:9)
  6 ufetubi (D:9)
  2 adder zombies
  2 adder skeletons
  2 worms
  A dart slug (D:4)
  5 leopard geckos
  28 orcs
  12 bats
  6 giant cockroaches
  5 goblins
  3 hobgoblins (D:1)
  6 jackals
  4 quokkas
  2 frilled lizards (D:3)
  A goblin zombie (Ossuary)
  A hobgoblin zombie (Ossuary)
  A jackal simulacrum (D:9)
  2 jackal zombies
  5 kobolds
  2 kobold zombies (Ossuary)
  A quokka skeleton (D:7)
  11 rats
  4 rat zombies
405 creatures vanquished.

Vanquished Creatures (collateral kills)
  A goblin (D:1)
1 creature vanquished.

Vanquished Creatures (others)
  An orc wizard (D:4)
  A white imp (D:9)
  An adder simulacrum (D:9)
  A bush (D:10)
  21 fungi
  27 plants
52 creatures vanquished.

Grand Total: 458 creatures vanquished

Notes
Turn   | Place    | Note
-------+----------+-------------------------------------------
     0 | D:1      | lessens the Minotaur Summoner began the quest for the Orb.
     0 | D:1      | Reached XP level 1. HP: 14/14 MP: 1/1
   464 | D:1      | Reached XP level 2. HP: 19/20 MP: 3/3
   522 | D:1      | Reached skill level 1 in Axes
   745 | D:1      | Reached skill level 2 in Axes
  1041 | D:1      | Reached XP level 3. HP: 21/26 MP: 4/4
  1403 | D:2      | Found a radiant altar of Vehumet.
  1550 | D:2      | Noticed Jessica
  1560 | D:2      | Killed Jessica
  1561 | D:2      | Reached skill level 3 in Axes
  1561 | D:2      | Reached XP level 4. HP: 33/33 MP: 5/5
  1577 | D:2      | Found a blossoming altar of Fedhas.
  1648 | D:2      | Found a burning altar of Makhleb.
  1659 | D:2      | Became a worshipper of Makhleb the Destroyer
  1930 | D:2      | Reached skill level 4 in Axes
  2953 | D:3      | Noticed an ogre
  2971 | D:3      | Reached skill level 5 in Axes
  3082 | D:3      | Noticed Ijyb
  3103 | D:3      | Killed Ijyb
  3104 | D:3      | Reached XP level 5. HP: 37/38 MP: 6/6
  3158 | D:3      | Noticed Terence
  3187 | D:3      | Killed Terence
  3187 | D:3      | Reached * piety under Makhleb
  3470 | D:3      | Killed an ogre
  3471 | D:3      | Reached skill level 6 in Axes
  3471 | D:3      | Reached XP level 6. HP: 45/45 MP: 7/7
  3653 | D:3      | Reached skill level 7 in Axes
  3711 | D:3      | Found an ancient bone altar of Kikubaaqudgha.
  3911 | D:3      | Found a runed translucent door.
  3912 | D:3      | Noticed Crazy Yiuf
  3917 | D:3      | Killed Crazy Yiuf
  4035 | D:4      | Found Nefibuig's Book Boutique.
  4053 | D:4      | Found a shimmering blue altar of Sif Muna.
  4230 | D:4      | Reached skill level 8 in Axes
  4343 | D:4      | Found a sand-covered staircase.
  4347 | Ossuary  | Entered an ossuary
  4353 | Ossuary  | Reached ** piety under Makhleb
  4375 | Ossuary  | HP: 2/45 [elf zombie (2)]
  4381 | Ossuary  | Reached XP level 7. HP: 45/50 MP: 8/8
  4520 | Ossuary  | Reached skill level 9 in Axes
  5521 | D:5      | Entered Level 5 of the Dungeon
  5544 | D:5      | Found a staircase to the Ecumenical Temple.
  5778 | D:5      | Reached skill level 10 in Axes
  6767 | D:6      | Found an iron altar of Okawaru.
  6935 | D:6      | Reached XP level 8. HP: 57/57 MP: 9/9
  7049 | D:6      | Reached skill level 11 in Axes
  7139 | D:6      | Reached skill level 1 in Armour
  7585 | D:6      | Reached *** piety under Makhleb
  7865 | D:7      | Noticed Menkaure
  7874 | D:7      | Killed Menkaure
  7875 | D:7      | Reached skill level 12 in Axes
  8047 | D:7      | Reached XP level 9. HP: 51/62 MP: 10/10
  8047 | D:7      | Noticed Harold
  8634 | D:7      | Reached skill level 13 in Axes
  8639 | D:7      | Killed Harold
  8774 | D:7      | Found Foibagur's Book Shoppe.
  9089 | D:8      | Noticed Psyche
  9100 | D:8      | Killed Psyche
  9101 | D:8      | Reached skill level 14 in Axes
  9229 | D:8      | Found a staircase to the Lair.
  9264 | D:8      | Noticed a two-headed ogre
  9267 | D:8      | Killed a two-headed ogre
  9268 | D:8      | Reached XP level 10. HP: 67/69 MP: 10/12
  9390 | D:8      | Reached **** piety under Makhleb
  9391 | D:8      | Reached skill level 1 in Fighting
  9489 | D:8      | Reached skill level 15 in Axes
  9740 | D:8      | Noticed Grum
  9753 | D:8      | Killed Grum
 10255 | D:9      | Reached ***** piety under Makhleb
 10321 | D:9      | Reached skill level 16 in Axes
 10325 | D:9      | Reached skill level 5 in Fighting
 10482 | D:9      | Found a staircase to the Orcish Mines.
 10648 | D:9      | Reached XP level 11. HP: 89/89 MP: 13/13
 10782 | D:9      | Got a shimmering tin ring
 10783 | D:9      | Identified the ring of Goimm {+Inv rElec MP+9 Int-4 Stlth+}
                  | (You found it on level 9 of the Dungeon)
 11050 | D:10     | Entered Level 10 of the Dungeon
 11401 | D:10     | Reached skill level 5 in Invocations
 12015 | D:11     | Noticed a cyan ugly thing
 12016 | D:11     | Reached skill level 17 in Axes
 12022 | D:11     | Killed a cyan ugly thing
 12422 | D:11     | Noticed Josephine
 12615 | D:11     | Noticed Snorg
 12624 | D:11     | Killed Snorg
 12802 | D:11     | Killed Josephine
 12806 | D:11     | Reached skill level 18 in Axes
 13095 | Lair:1   | Entered Level 1 of the Lair of Beasts
 13326 | Lair:1   | Reached ****** piety under Makhleb
 13597 | Lair:1   | Reached XP level 12. HP: 96/96 MP: 16/16
 13839 | Lair:1   | Found a large runed translucent door.
 13840 | Lair:1   | Found a large runed translucent door.
 13841 | Lair:1   | Noticed jejorda2's ghost (journeyman GnTm)
 14064 | Lair:2   | Noticed a seven-headed hydra
 14071 | Lair:2   | Killed a nine-headed hydra
 14077 | Lair:2   | Noticed a five-headed hydra
 14157 | Lair:2   | Killed a nine-headed hydra
 14476 | Lair:2   | Found a transporter.
 14478 | Lair:2   | Found a transporter.
 14480 | Lair:2   | Noticed lunkers's ghost (journeyman MfTm)
 14665 | Lair:2   | Reached skill level 19 in Axes
 14675 | Lair:2   | Reached skill level 5 in Dodging
 14693 | Lair:2   | Reached skill level 20 in Axes
 14693 | Lair:2   | Reached XP level 13. HP: 102/102 MP: 17/17
 15278 | Lair:2   | Reached skill level 5 in Armour
 15938 | Lair:3   | Found a runed translucent door.
 16807 | Lair:4   | Found a staircase to the Swamp.
 16866 | Lair:4   | You fall into a shaft and drop 2 floors!
 16866 | Lair:6   | Entered Level 6 of the Lair of Beasts
 16905 | Lair:6   | Noticed a blizzard demon
 17061 | Lair:5   | Reached XP level 14. HP: 113/118 MP: 18/18
 17193 | Lair:4   | Reached skill level 10 in Fighting
 17373 | Lair:4   | Found a staircase to the Snake Pit.
 17601 | Lair:4   | HP: 6/122 [12-headed hydra (5)]
 17601 | Lair:4   | Slain by a 12-headed hydra

Illustrated notes

Levels and vault maps discovered:
D:1:      dpeg_arrival_ratfight, layout_rooms
D:2:      layout_loops_ring, overflow_temple_1_default,
          lemuel_coloured_pillars_altar, lemuel_round_altar,
          minmay_pentomino_u2, uniq_jessica
D:3:      layout_basic, lemuel_zombie_altar_kikubaaqudgha,
          kennysheep_generic_room_4, uniq_crazy_yiuf_cottage, uniq_ijyb,
          uniq_terence
D:4:      layout_basic, led_sif_book, serial_shops, shop, enter_ossuary_5
D:5:      layout_basic, minmay_temple_entry_butterflies,
          serial_co_window_serial, co_window_paths_a, co_window_paths_b,
          co_window_paths_b, co_window_paths_b, co_window_paths_a,
          co_window_unsneaky_path_e, co_window_2corner, co_window_corner_cb,
          co_window_unsneaky_path_a, co_window_4corner_a, glass_columns_c,
          glass_columns_b, glass_columns_b
D:6:      layout_gridville, nicolae_overflow_hidden_temple,
          hangedman_glass_teeth
D:7:      layout_basic, serial_shops, shop_statue, uniq_menkaure, uniq_harold
D:8:      layout_loops_corners, lair_entry_dummy, uniq_grum, uniq_psyche
D:9:      minmay_clustersquares, layout_rooms, orc_0_dummy, serial_ice,
          serial_ice_f, serial_ice_a, serial_ice_m, serial_ice_d, serial_ice_o,
          serial_ice_b, serial_ice_k, serial_ice_g, serial_ice_h, serial_ice_e
D:10:     layout_grid_maze, kb_lookout_dungeons_type
D:11:     layout_loops_ring, uniq_snorg, uniq_josephine
Lair:1:   layout_small_grid, ebering_ghost_disaster_area
Lair:2:   nzn_winding_woodlands_three_and_one [nzn_winding_woodlands_5x15_pool,
          nzn_winding_woodlands_5x15_parted, nzn_winding_woodlands_5x15_twine,
          nzn_winding_woodlands_center_diamonds], layout_long_grid,
          gammafunk_ghost_hive, grunt_forest_small_clearings
Lair:3:   layout_regular_city, pf_torpor_hydra, grunt_megastairs_1,
          serial_bayou_shore_b, serial_bayou_shore_a, infiniplex_staircase_pool,
          lemuel_fruit_tree
Lair:4:   layout_misc_corridors, minmay_swamp_entry_reptiles,
          guppyfry_snake_entry_garden, beast_lair_carwin_9
Lair:5:   layout_hall_layers, nzn_ghost_randoct, infiniplex_staircase_pool_2
Lair:6:   grunt_lair_end_beastmaster, layout_regular_city, slime_altar_1,
          grunt_megastairs_2

Skill      XL: |  1  2  3  4  5  6  7  8  9 10 11 12 13 14 |
---------------+-------------------------------------------+-----
Summonings     | 3 |  3.1
Axes           | 2 3 5 6 8 10 12 14 16 18 20 | 20.2
Armour         | 4 7 9 |  9.4
Invocations    | 4 7 |  7.0
Fighting       | 5 6 9 10 | 10.6
Dodging        | 7 8 |  8.0
Stealth        | |  1.5
Spellcasting   | |  1.6

Action                   |  1- 3 |  4- 6 |  7- 9 | 10-12 | 13-15 || total
-------------------------+-------+-------+-------+-------+-------++-------
Melee: Club              |    11 |       |       |       |       ||    11
       Unarmed           |     7 |    13 |       |       |       ||    20
       Headbutt          |     4 |    20 |    44 |    67 |    52 ||   187
       Hand axe          |    52 |       |       |       |       ||    52
       War axe           |     3 |   179 |   195 |       |       ||   377
       Battleaxe         |       |       |   124 |   510 |   272 ||   906
Throw: Boomerang         |       |       |    12 |       |       ||    12
 Cast: Summon Small Mamm |     4 |     1 |       |       |       ||     5
Invok: Major Destruction |       |       |       |     9 |    20 ||    29
       Lesser Servant of |       |       |       |     1 |       ||     1
       Greater Servant o |       |       |       |       |     1 ||     1
Evoke: Wand              |       |     2 |     3 |     3 |       ||     8
  Use: Potion            |       |     4 |     2 |     2 |       ||     8
       Scroll            |       |       |    18 |     7 |     5 ||    30
 Stab: Sleeping          |     1 |     2 |       |       |       ||     3
       Invisible         |       |       |     1 |       |       ||     1
Armor: Robe              |    18 |    11 |       |       |       ||    29
       Plate armour      |       |    10 |       |       |       ||    10
       Scale mail        |       |    87 |   150 |   235 |    95 ||   567
       Skin              |       |     1 |     3 |       |       ||     4
Dodge: Dodged            |    59 |    89 |    90 |   224 |   143 ||   605
Block: Tower shield      |       |    67 |   106 |       |       ||   173

Table legend: (Time is in decaauts)
 A = Elapsed time spent in this place.
 B = Non-inter-level travel time spent in this place.
 C = Inter-level travel time spent in this place.
 D = Time resting spent in this place.
 E = Time spent auto-exploring this place.
 F = Levels seen in this place.
 G = Mean time per level.
                   A        B        C        D        E       F      G
               +--------+--------+--------+--------+--------+-----+--------+
         Total |  17692 |  16915 |    777 |   1062 |  12656 |  18 |  982.9 |
       Dungeon |  12984 |  12325 |    659 |    893 |   9098 |  11 | 1180.4 |
          Lair |   4414 |   4296 |    118 |    169 |   3394 |   6 |  735.7 |
       Ossuary |    293 |    293 |      0 |      0 |    163 |   1 |  293.0 |
               +--------+--------+--------+--------+--------+-----+--------+

Top non-repeatable levels by time:
     D:4: 1380 daAuts
     D:3: 1375 daAuts
     D:1: 1358 daAuts
     D:2: 1264 daAuts
  Lair:3: 1260 daAuts
     D:5: 1240 daAuts
  Lair:2: 1208 daAuts
     D:8: 1204 daAuts
     D:6: 1189 daAuts
  Lair:1: 1175 daAuts
     D:7: 1127 daAuts
    D:11: 1003 daAuts
    D:10: 983 daAuts
     D:9: 856 daAuts
  Lair:4: 552 daAuts
